Predators vs Oilers

Created - 7 janvier 2018 at 17:14

Goals
1 2 3 T
Predators 3 0 0 3
Oilers 1 4 0 5
Shots
1 2 3 T
Predators 7 9 8 24
Oilers 11 18 9 38

1st period

1. Oilers , Jannik Hansen 13 (Ryan Johansen 28, Marc-Edouard Vlasic 24) at 1:02 (PP)
2. Predators , Steven Stamkos 18 (Jaden Schwartz 23, J.T. Miller 18) at 2:44
3. Predators , Roman Josi 11 (Max Pacioretty 20, Nicklas Backstrom 25) at 7:00 (PP)
4. Predators , Jaden Schwartz 16 (Steven Stamkos 17) at 19:18

Penalties :
Kevin Hayes (NSH) for Interference (Minor) at 0:24, Francois Beauchemin (EDM) for Tripping (Minor) at 6:36

2nd period

5. Oilers , Ryan Johansen 13 (Marc-Edouard Vlasic 25) at 1:22
6. Oilers , Ryan Getzlaf 19 (Brad Marchand 38, Aleksander Barkov 24) at 3:33 (PP)
7. Oilers , Brad Marchand 39 (Ryan Getzlaf 41) at 17:51
8. Oilers , Brett Ritchie 3 (Ron Hainsey 16, Marc-Edouard Vlasic 26) at 18:23

Penalties :
Connor Murphy (NSH) for Hooking (Minor) at 1:35, Oscar Klefbom (NSH) for Holding (Minor) at 13:17

3rd period

No Goal

Penalties :
No Penalty

Goalie Stats

Pekka Rinne (NSH), 33 saves from 38 shots - (0.868), L, 17-11-3, 60:00 minutes
Martin Jones (EDM), 21 saves from 24 shots - (0.875), W, 22-7-3, 60:00 minutes

Players Stats for Predators

Player Name              G  A  P  +/- PIM S  H  SB GA TA FO     MP     PP MP  PK MP  
------------------------------------------------------------------------------------
Chris Kelly              0  0  0  -1  0   0  0  2  0  0  2/9     6:34   0:00   0:15 
Colton Sissons           0  0  0  -1  0   0  1  0  0  0  1/1     6:19   0:00   0:00 
Connor Murphy            0  0  0   0  2   1  2  1  0  0  0/0    17:42   0:00   1:14 
Elias Lindholm           0  0  0  -2  0   1  3  0  0  0  0/0    13:48   0:00   0:00 
J.T. Miller              0  1  1   2  0   1  1  1  0  0  1/1    19:52   0:24   0:59 
Jaden Schwartz           1  1  2   2  0   4  0  3  0  0  0/2    17:08   0:00   0:00 
John Moore               0  0  0   0  0   0  0  0  0  0  0/0     0:28   0:00   0:20 
Kevin Hayes              0  0  0   0  2   2  1  0  0  0  0/1    17:45   0:00   0:00 
Klas Dahlbeck            0  0  0   0  0   0  1  0  0  0  0/0    17:20   0:24   0:15 
Max Pacioretty           0  1  1   0  0   4  3  0  0  0  0/2    21:46   0:24   3:36 
Nick Leddy               0  0  0   0  0   0  0  3  0  0  0/0    24:22   0:00   3:00 
Nicklas Backstrom        0  1  1   0  0   0  0  0  0  0  8/18   19:09   0:24   0:59 
Nikita Zadorov           0  0  0   0  0   0  2  3  0  0  0/0    11:56   0:00   0:00 
Oscar Klefbom            0  0  0  -1  2   0  0  1  0  0  0/0    22:54   0:00   1:12 
Roman Josi               1  0  1  -1  0   2  0  1  0  0  0/0    25:16   0:24   3:09 
Steven Stamkos           1  1  2   2  0   4  1  0  0  0  19/32  21:35   0:00   3:21 
Vincent Trocheck         0  0  0  -2  0   1  0  0  0  0  4/14   13:48   0:00   0:00 
Vladislav Namestnikov    0  0  0  -3  0   4  0  0  0  0  0/1    17:40   0:00   0:00 

Players Stats for Oilers

Player Name              G  A  P  +/- PIM S  H  SB GA TA FO     MP     PP MP  PK MP  
------------------------------------------------------------------------------------
Aleksander Barkov        0  1  1  -2  0   6  0  0  0  0  13/21  18:57   2:38   0:04 
Brad Marchand            1  1  2   1  0   4  0  0  0  0  2/3    18:31   2:38   0:00 
Brent Burns              0  0  0   0  0   1  1  1  0  0  0/0    22:06   2:14   0:00 
Brett Ritchie            1  0  1   1  0   3  0  0  0  0  0/0     9:44   0:00   0:00 
Brock McGinn             0  0  0   1  0   0  1  0  0  0  0/0    13:29   0:00   0:20 
Dominic Moore            0  0  0   1  0   3  1  0  0  0  5/10   10:04   0:00   0:20 
Francois Beauchemin      0  0  0   0  2   1  2  1  0  0  0/0    21:57   2:14   0:00 
Jannik Hansen            1  0  1  -2  0   3  3  0  0  0  0/0    18:12   1:57   0:00 
Justin Williams          0  0  0   1  0   0  1  0  0  0  0/0    15:53   0:00   0:00 
Marc Methot              0  0  0   1  0   0  3  1  0  0  0/0    16:23   0:00   0:00 
Marc-Edouard Vlasic      0  3  3   0  0   1  0  1  0  0  0/0    21:39   2:21   0:24 
Michael Grabner          0  0  0  -2  0   4  1  0  0  0  0/0    16:15   0:00   0:00 
Michael Matheson         0  0  0   1  0   1  0  1  0  0  0/0    16:23   0:00   0:00 
Oskar Sundqvist          0  0  0   1  0   0  0  0  0  0  1/1     9:44   0:00   0:00 
Reilly Smith             0  0  0   1  0   3  0  0  0  0  0/0    15:06   1:57   0:00 
Ron Hainsey              0  1  1   0  0   1  0  1  0  0  0/0    21:31   2:21   0:24 
Ryan Getzlaf             1  1  2   1  0   4  0  0  0  0  14/25  18:31   2:38   0:00 
Ryan Johansen            1  1  2   1  0   3  4  1  0  0  11/21  15:10   1:57   0:04 

3 Stars

1 - Ryan Johansen (EDM)
2 - Ryan Getzlaf (EDM)
3 - Brad Marchand (EDM)

Power Play

Predators - 1 on 1 Attempt(s) - 100.00%
Oilers - 2 on 3 Attempt(s) - 66.67%

Penalty Kill

Predators - 1 on 3 Attempt(s) - 33.33% - Score 0 goal in Penalty Kill
Oilers - 0 on 1 Attempt(s) - 0.00% - Score 0 goal in Penalty Kill

Team Stat

Predators - Hits : 15 - Faceoff Wins : 35 - Blocked Shots : 15 - Penalty Minutes : 6
Oilers - Hits : 17 - Faceoff Wins : 46 - Blocked Shots : 7 - Penalty Minutes : 2

Official

Referees : Jon Mclsaac and Marc Joannette
Linesman : Brad Lazarowich and Don Henderson

Game Notes

No Game Note

Finance

Level 1 -- Attendance: 6308 (97.05%) -- Ticket Income 586 644 $
Level 2 -- Attendance: 5000 (100.00%) -- Ticket Income 365 000 $
Level 3 -- Attendance: 2485 (71.00%) -- Ticket Income 161 525 $
Level 4 -- Attendance: 839 (100.00%) -- Ticket Income 52 018 $
Luxury Box -- Attendance: 917 (91.70%) -- Ticket Income 178 815 $
Game was played at the Rexall Place.
Total Attendance: 15549 (92.34%)
Total Ticket Income: 1 344 002 $
Other Income: 201 600 $
Total Income: 1 545 602 $

% Time on Ice - Predators

Lines # - Real PCT - Wanted PCT - Time Play
Normal Forward
1 - 32% - 33% - 17:46
2 - 31% - 32% - 17:08
3 - 25% - 25% - 13:48
4 - 11% - 10% - 6:19
Normal Defense
1 - 39% - 40% - 21:43
2 - 30% - 30% - 16:29
3 - 22% - 20% - 11:56
4 - 9% - 10% - 4:53
PP Forward
1 - 100% - 60% - 0:24
2 - 0% - 40% - 0:00
PP Defense
1 - 100% - 60% - 0:24
2 - 0% - 40% - 0:00
PK Forward
1 - 79% - 60% - 3:36
2 - 21% - 40% - 0:59
PK Defense
1 - 47% - 60% - 2:09
2 - 53% - 40% - 2:26
PK3 Forward
1 - 0% - 60%
2 - 0% - 40%
PK3 Defense
1 - 0% - 60%
2 - 0% - 40%
44 Forward
1 - 0% - 60%
2 - 0% - 40%
44 Defense
1 - 0% - 60%
2 - 0% - 40%
Last Minute Offensive  - 0:00
Last Minute Defensive  - 0:00
Total
Forward - 60:00
Defense - 60:00

% Time on Ice - Oilers

Lines # - Real PCT - Wanted PCT - Time Play
Normal Forward
1 - 29% - 33% - 15:53
2 - 30% - 31% - 16:15
3 - 24% - 26% - 13:09
4 - 18% - 10% - 9:44
Normal Defense
1 - 36% - 37% - 19:52
2 - 34% - 33% - 18:46
3 - 30% - 30% - 16:23
4 - 0% - 0% - 0:00
PP Forward
1 - 57% - 65% - 2:38
2 - 43% - 35% - 1:57
PP Defense
1 - 49% - 65% - 2:14
2 - 51% - 35% - 2:21
PK Forward
1 - 83% - 50% - 0:20
2 - 17% - 50% - 0:04
PK Defense
1 - 0% - 50% - 0:00
2 - 100% - 50% - 0:24
PK3 Forward
1 - 0% - 50%
2 - 0% - 50%
PK3 Defense
1 - 0% - 50%
2 - 0% - 50%
44 Forward
1 - 0% - 50%
2 - 0% - 50%
44 Defense
1 - 0% - 50%
2 - 0% - 50%
Last Minute Offensive  - 0:00
Last Minute Defensive  - 0:00
Total
Forward - 60:00
Defense - 60:00

Play by Play

1st period


0:01 of 1st period - Ryan Getzlaf wins face-off versus Nicklas Backstrom in neutral zone.
0:24 of 1st period - Minor Penalty to Kevin Hayes for Interference.
0:25 of 1st period - Ryan Johansen wins face-off versus Steven Stamkos in Predators zone.
0:38 of 1st period - Shot by Jannik Hansen.
0:38 of 1st period - Shot Misses the Net.
0:44 of 1st period - Shot by Jannik Hansen.
0:44 of 1st period - Stopped by Pekka Rinne with a rebound.
0:46 of 1st period - Shot by Marc-Edouard Vlasic.
0:46 of 1st period - Shot Misses the Net.
1:00 of 1st period - Shot by Jannik Hansen.
1:00 of 1st period - Shot Misses the Net.
1:02 of 1st period - Shot by Jannik Hansen.
1:02 of 1st period - Goal by Jannik Hansen - Predators : 0 - Oilers : 1.
1:03 of 1st period - Dominic Moore wins face-off versus Vincent Trocheck in neutral zone.
1:59 of 1st period - Shot by Brad Marchand.
1:59 of 1st period - Shot Misses the Net.
2:03 of 1st period - Shot by Ryan Getzlaf.
2:03 of 1st period - Shot Blocked by Nikita Zadorov.
2:05 of 1st period - Shot by Ryan Getzlaf.
2:05 of 1st period - Stopped by Pekka Rinne without a rebound.
2:06 of 1st period - Steven Stamkos wins face-off versus Aleksander Barkov in Predators zone.
2:06 of 1st period - Steven Stamkos is hit by Jannik Hansen.
2:11 of 1st period - Off-side.
2:12 of 1st period - Aleksander Barkov wins face-off versus Steven Stamkos in neutral zone.
2:44 of 1st period - Shot by Steven Stamkos.
2:44 of 1st period - Goal by Steven Stamkos - Predators : 1 - Oilers : 1.
2:45 of 1st period - Ryan Johansen wins face-off versus Nicklas Backstrom in neutral zone.
3:06 of 1st period - Shot by Max Pacioretty.
3:06 of 1st period - Stopped by Martin Jones without a rebound.
3:07 of 1st period - Ryan Getzlaf wins face-off versus Chris Kelly in Oilers zone.
3:07 of 1st period - Ryan Getzlaf is hit by Colton Sissons.
3:25 of 1st period - Shot by Justin Williams.
3:25 of 1st period - Deflect By Brad Marchand.
3:25 of 1st period - Stopped by Pekka Rinne without a rebound.
3:26 of 1st period - Steven Stamkos wins face-off versus Aleksander Barkov in Predators zone.
3:26 of 1st period - Steven Stamkos is hit by Jannik Hansen.
3:46 of 1st period - Shot by Aleksander Barkov.
3:46 of 1st period - Stopped by Pekka Rinne without a rebound.
3:47 of 1st period - Nicklas Backstrom wins face-off versus Ryan Johansen in Predators zone.
3:47 of 1st period - Nicklas Backstrom is hit by Brock McGinn.
4:42 of 1st period - J.T. Miller is hit by Brent Burns.
4:55 of 1st period - Icing by Oscar Klefbom.
4:56 of 1st period - Ryan Getzlaf wins face-off versus Jaden Schwartz in Predators zone.
5:09 of 1st period - Shot by Brad Marchand.
5:09 of 1st period - Shot Misses the Net.
5:47 of 1st period - Michael Matheson is hit by Elias Lindholm and loses puck.
6:06 of 1st period - Vincent Trocheck is hit by Jannik Hansen and loses puck.
6:36 of 1st period - Minor Penalty to Francois Beauchemin for Tripping.
6:37 of 1st period - Aleksander Barkov wins face-off versus Max Pacioretty in Oilers zone.
6:56 of 1st period - Shot by Max Pacioretty.
6:56 of 1st period - Shot Blocked by Ron Hainsey.
6:58 of 1st period - Shot by Max Pacioretty.
6:58 of 1st period - Shot Blocked by Marc-Edouard Vlasic.
7:00 of 1st period - Shot by Roman Josi.
7:00 of 1st period - Goal by Roman Josi - Predators : 2 - Oilers : 1.
7:01 of 1st period - Ryan Getzlaf wins face-off versus Chris Kelly in neutral zone.
7:20 of 1st period - Shot by Brad Marchand.
7:20 of 1st period - Shot Hit the Post.
7:22 of 1st period - Shot by Brent Burns.
7:22 of 1st period - Stopped by Pekka Rinne without a rebound.
7:23 of 1st period - Nicklas Backstrom wins face-off versus Dominic Moore in Predators zone.
7:42 of 1st period - Shot by Nicklas Backstrom.
7:42 of 1st period - Deflect By Max Pacioretty.
7:42 of 1st period - Stopped by Martin Jones without a rebound.
7:43 of 1st period - Aleksander Barkov wins face-off versus Steven Stamkos in Oilers zone.
7:43 of 1st period - Aleksander Barkov is hit by J.T. Miller.
8:14 of 1st period - Shot by Jannik Hansen.
8:14 of 1st period - Shot Blocked by Jaden Schwartz.
8:16 of 1st period - Shot by Jannik Hansen.
8:16 of 1st period - Shot Misses the Net.
8:18 of 1st period - Shot by Aleksander Barkov.
8:18 of 1st period - Shot Blocked by Oscar Klefbom.
8:20 of 1st period - Shot by Jannik Hansen.
8:20 of 1st period - Shot Misses the Net.
9:21 of 1st period - Ryan Getzlaf is hit by Connor Murphy and loses puck.
9:32 of 1st period - Shot by Ryan Getzlaf.
9:32 of 1st period - Deflect By Brad Marchand.
9:32 of 1st period - Shot Misses the Net.
10:08 of 1st period - Dominic Moore is hit by Connor Murphy.
10:40 of 1st period - Shot by Aleksander Barkov.
10:40 of 1st period - Shot Misses the Net.
10:42 of 1st period - Shot by Michael Grabner.
10:42 of 1st period - Shot Misses the Net.
11:04 of 1st period - Aleksander Barkov is hit by Nikita Zadorov and loses puck.
11:10 of 1st period - Icing by Klas Dahlbeck.
11:11 of 1st period - Ryan Johansen wins face-off versus Vincent Trocheck in Predators zone.
11:16 of 1st period - Shot by Reilly Smith.
11:16 of 1st period - Shot Blocked by Nikita Zadorov.
11:57 of 1st period - Icing by Roman Josi.
11:58 of 1st period - Ryan Getzlaf wins face-off versus Chris Kelly in Predators zone.
12:39 of 1st period - Shot by Brad Marchand.
12:39 of 1st period - Shot Blocked by Chris Kelly.
13:06 of 1st period - Icing by Connor Murphy.
13:07 of 1st period - Dominic Moore wins face-off versus Nicklas Backstrom in Predators zone.
13:35 of 1st period - Shot by Brett Ritchie.
13:35 of 1st period - Deflect By Dominic Moore.
13:35 of 1st period - Shot Hit the Post.
13:41 of 1st period - Shot by Dominic Moore.
13:41 of 1st period - Stopped by Pekka Rinne without a rebound.
13:42 of 1st period - Aleksander Barkov wins face-off versus Vincent Trocheck in Predators zone.
13:51 of 1st period - Shot by Aleksander Barkov.
13:51 of 1st period - Stopped by Pekka Rinne with a rebound.
13:53 of 1st period - Shot by Michael Matheson.
13:53 of 1st period - Stopped by Pekka Rinne without a rebound.
13:54 of 1st period - Ryan Getzlaf wins face-off versus Vincent Trocheck in Predators zone.
13:54 of 1st period - Brad Marchand is hit by Nikita Zadorov and loses puck.
14:01 of 1st period - Elias Lindholm is hit by Justin Williams and loses puck.
16:49 of 1st period - Shot by Jaden Schwartz.
16:49 of 1st period - Stopped by Martin Jones without a rebound.
16:50 of 1st period - Steven Stamkos wins face-off versus Brad Marchand in Oilers zone.
17:52 of 1st period - Shot by Ryan Johansen.
17:52 of 1st period - Shot Misses the Net.
17:54 of 1st period - Shot by Reilly Smith.
17:54 of 1st period - Stopped by Pekka Rinne without a rebound.
17:55 of 1st period - Ryan Johansen wins face-off versus Nicklas Backstrom in Predators zone.
18:14 of 1st period - Shot by Nicklas Backstrom.
18:14 of 1st period - Shot Misses the Net.
19:04 of 1st period - Off-side.
19:05 of 1st period - Steven Stamkos wins face-off versus Ryan Getzlaf in neutral zone.
19:14 of 1st period - Shot by Jaden Schwartz.
19:14 of 1st period - Stopped by Martin Jones without a rebound.
19:15 of 1st period - Steven Stamkos wins face-off versus Aleksander Barkov in Oilers zone.
19:16 of 1st period - Shot by Jaden Schwartz.
19:16 of 1st period - Shot Misses the Net.
19:18 of 1st period - Shot by Jaden Schwartz.
19:18 of 1st period - Goal by Jaden Schwartz - Predators : 3 - Oilers : 1.
19:19 of 1st period - Aleksander Barkov wins face-off versus Steven Stamkos in neutral zone.
19:40 of 1st period - Shot by Aleksander Barkov.
19:40 of 1st period - Shot Blocked by Jaden Schwartz.
19:48 of 1st period - Shot by Michael Grabner.
19:48 of 1st period - Stopped by Pekka Rinne without a rebound.
19:49 of 1st period - Colton Sissons wins face-off versus Ryan Getzlaf in Predators zone.
Goals for this period are 3 for Predators vs 1 for Oilers.
Shots for this period are 7 for Predators vs 11 for Oilers.

2nd period


0:01 of 2nd period - Ryan Getzlaf wins face-off versus Jaden Schwartz in neutral zone.
0:22 of 2nd period - Shot by Brad Marchand.
0:22 of 2nd period - Shot Blocked by Jaden Schwartz.
0:28 of 2nd period - Shot by Ryan Getzlaf.
0:28 of 2nd period - Shot Blocked by Nick Leddy.
0:40 of 2nd period - Shot by Brad Marchand.
0:40 of 2nd period - Stopped by Pekka Rinne without a rebound.
0:41 of 2nd period - Nicklas Backstrom wins face-off versus Aleksander Barkov in Predators zone.
0:41 of 2nd period - Nicklas Backstrom is hit by Michael Grabner.
1:18 of 2nd period - Shot by Aleksander Barkov.
1:18 of 2nd period - Stopped by Pekka Rinne without a rebound.
1:19 of 2nd period - Ryan Johansen wins face-off versus Vincent Trocheck in Predators zone.
1:22 of 2nd period - Shot by Ryan Johansen.
1:22 of 2nd period - Goal by Ryan Johansen - Predators : 3 - Oilers : 2.
1:23 of 2nd period - Ryan Johansen wins face-off versus Vincent Trocheck in neutral zone.
1:35 of 2nd period - Minor Penalty to Connor Murphy for Hooking.
1:36 of 2nd period - Ryan Getzlaf wins face-off versus Steven Stamkos in Predators zone.
1:41 of 2nd period - Shot by Aleksander Barkov.
1:41 of 2nd period - Stopped by Pekka Rinne without a rebound.
1:42 of 2nd period - Brad Marchand wins face-off versus Steven Stamkos in Predators zone.
2:08 of 2nd period - Aleksander Barkov is hit by Steven Stamkos and loses puck.
2:12 of 2nd period - Off-side.
2:13 of 2nd period - Steven Stamkos wins face-off versus Ryan Johansen in neutral zone.
2:22 of 2nd period - Reilly Smith is hit by Max Pacioretty and loses puck.
2:51 of 2nd period - Shot by Ryan Johansen.
2:51 of 2nd period - Stopped by Pekka Rinne without a rebound.
2:52 of 2nd period - Ryan Getzlaf wins face-off versus Steven Stamkos in Predators zone.
3:11 of 2nd period - Shot by Ryan Getzlaf.
3:11 of 2nd period - Stopped by Pekka Rinne without a rebound.
3:12 of 2nd period - J.T. Miller wins face-off versus Ryan Getzlaf in Predators zone.
3:33 of 2nd period - Shot by Ryan Getzlaf.
3:33 of 2nd period - Goal by Ryan Getzlaf - Predators : 3 - Oilers : 3.
3:34 of 2nd period - Ryan Johansen wins face-off versus Vincent Trocheck in neutral zone.
4:30 of 2nd period - Shot by Kevin Hayes.
4:30 of 2nd period - Shot Misses the Net.
4:33 of 2nd period - Max Pacioretty is hit by Marc Methot and loses puck.
4:36 of 2nd period - Shot by Connor Murphy.
4:36 of 2nd period - Stopped by Martin Jones without a rebound.
4:37 of 2nd period - Steven Stamkos wins face-off versus Ryan Getzlaf in Oilers zone.
4:37 of 2nd period - Jaden Schwartz is hit by Francois Beauchemin and loses puck.
4:44 of 2nd period - Shot by Steven Stamkos.
4:44 of 2nd period - Shot Blocked by Francois Beauchemin.
4:46 of 2nd period - Shot by Oscar Klefbom.
4:46 of 2nd period - Shot Misses the Net.
5:16 of 2nd period - Shot by Steven Stamkos.
5:16 of 2nd period - Stopped by Martin Jones without a rebound.
5:17 of 2nd period - Nicklas Backstrom wins face-off versus Aleksander Barkov in Oilers zone.
5:19 of 2nd period - Max Pacioretty is hit by Marc Methot and loses puck.
5:39 of 2nd period - Shot by Max Pacioretty.
5:39 of 2nd period - Stopped by Martin Jones without a rebound.
5:40 of 2nd period - Ryan Johansen wins face-off versus Chris Kelly in Oilers zone.
5:45 of 2nd period - Shot by Vladislav Namestnikov.
5:45 of 2nd period - Stopped by Martin Jones with a rebound.
5:47 of 2nd period - Shot by Vladislav Namestnikov.
5:47 of 2nd period - Stopped by Martin Jones without a rebound.
5:48 of 2nd period - Dominic Moore wins face-off versus Vincent Trocheck in Oilers zone.
6:00 of 2nd period - Shot by Brett Ritchie.
6:00 of 2nd period - Shot Misses the Net.
6:18 of 2nd period - Shot by Brett Ritchie.
6:18 of 2nd period - Stopped by Pekka Rinne without a rebound.
6:19 of 2nd period - Steven Stamkos wins face-off versus Aleksander Barkov in Predators zone.
6:40 of 2nd period - Shot by Steven Stamkos.
6:40 of 2nd period - Stopped by Martin Jones without a rebound.
6:41 of 2nd period - Ryan Getzlaf wins face-off versus Max Pacioretty in Oilers zone.
6:41 of 2nd period - Ryan Getzlaf is hit by Kevin Hayes.
8:44 of 2nd period - Shot by Reilly Smith.
8:44 of 2nd period - Shot Misses the Net.
8:46 of 2nd period - Shot by Marc-Edouard Vlasic.
8:46 of 2nd period - Stopped by Pekka Rinne without a rebound.
8:47 of 2nd period - Dominic Moore wins face-off versus Chris Kelly in Predators zone.
9:04 of 2nd period - Shot by Brett Ritchie.
9:04 of 2nd period - Stopped by Pekka Rinne without a rebound.
9:05 of 2nd period - Ryan Johansen wins face-off versus Nicklas Backstrom in Predators zone.
9:18 of 2nd period - Shot by Reilly Smith.
9:18 of 2nd period - Stopped by Pekka Rinne with a rebound.
10:19 of 2nd period - Shot by Dominic Moore.
10:19 of 2nd period - Stopped by Pekka Rinne without a rebound.
10:20 of 2nd period - Aleksander Barkov wins face-off versus Chris Kelly in Predators zone.
10:45 of 2nd period - Jannik Hansen is hit by Klas Dahlbeck and loses puck.
11:30 of 2nd period - Shot by Brad Marchand.
11:30 of 2nd period - Stopped by Pekka Rinne without a rebound.
11:31 of 2nd period - Nicklas Backstrom wins face-off versus Ryan Johansen in Predators zone.
11:37 of 2nd period - Nicklas Backstrom is hit by Francois Beauchemin and loses puck.
11:46 of 2nd period - Shot by Max Pacioretty.
11:46 of 2nd period - Shot Blocked by Ryan Johansen.
13:16 of 2nd period - Shot by Justin Williams.
13:16 of 2nd period - Shot Blocked by J.T. Miller.
13:17 of 2nd period - Minor Penalty to Oscar Klefbom for Holding.
13:18 of 2nd period - Steven Stamkos wins face-off versus Ryan Getzlaf in Predators zone.
13:39 of 2nd period - Shot by Aleksander Barkov.
13:39 of 2nd period - Shot Hit the Post.
13:41 of 2nd period - Shot by Ron Hainsey.
13:41 of 2nd period - Stopped by Pekka Rinne without a rebound.
13:42 of 2nd period - Steven Stamkos wins face-off versus Ryan Getzlaf in Predators zone.
13:48 of 2nd period - Icing by Brent Burns.
13:49 of 2nd period - Steven Stamkos wins face-off versus Ryan Getzlaf in Oilers zone.
13:54 of 2nd period - Shot by Max Pacioretty.
13:54 of 2nd period - Shot Misses the Net.
13:57 of 2nd period - Icing by Brent Burns.
13:58 of 2nd period - Steven Stamkos wins face-off versus Ryan Getzlaf in Oilers zone.
14:50 of 2nd period - Shot by Ryan Johansen.
14:50 of 2nd period - Shot Blocked by Nick Leddy.
15:17 of 2nd period - Shot by Roman Josi.
15:17 of 2nd period - Stopped by Martin Jones with a rebound.
15:19 of 2nd period - Shot by Vladislav Namestnikov.
15:19 of 2nd period - Stopped by Martin Jones without a rebound.
15:20 of 2nd period - Dominic Moore wins face-off versus Vincent Trocheck in Oilers zone.
15:25 of 2nd period - Shot by Oskar Sundqvist.
15:25 of 2nd period - Shot Misses the Net.
15:27 of 2nd period - Shot by Marc Methot.
15:27 of 2nd period - Shot Misses the Net.
15:29 of 2nd period - Shot by Dominic Moore.
15:29 of 2nd period - Stopped by Pekka Rinne without a rebound.
15:30 of 2nd period - Chris Kelly wins face-off versus Dominic Moore in Predators zone.
15:30 of 2nd period - Chris Kelly is hit by Dominic Moore.
15:50 of 2nd period - Shot by Vladislav Namestnikov.
15:50 of 2nd period - Shot Blocked by Marc Methot.
16:19 of 2nd period - Icing by Klas Dahlbeck.
16:20 of 2nd period - Aleksander Barkov wins face-off versus Nicklas Backstrom in Predators zone.
16:29 of 2nd period - Shot by Jannik Hansen.
16:29 of 2nd period - Shot Misses the Net.
17:17 of 2nd period - Shot by Ryan Getzlaf.
17:17 of 2nd period - Stopped by Pekka Rinne without a rebound.
17:18 of 2nd period - Steven Stamkos wins face-off versus Ryan Johansen in Predators zone.
17:39 of 2nd period - Shot by Jaden Schwartz.
17:39 of 2nd period - Shot Misses the Net.
17:41 of 2nd period - Shot by Jaden Schwartz.
17:41 of 2nd period - Stopped by Martin Jones without a rebound.
17:42 of 2nd period - Ryan Getzlaf wins face-off versus Vincent Trocheck in Oilers zone.
17:51 of 2nd period - Shot by Brad Marchand.
17:51 of 2nd period - Goal by Brad Marchand - Predators : 3 - Oilers : 4.
17:52 of 2nd period - Chris Kelly wins face-off versus Dominic Moore in neutral zone.
18:23 of 2nd period - Shot by Brett Ritchie.
18:23 of 2nd period - Goal by Brett Ritchie - Predators : 3 - Oilers : 5.
18:24 of 2nd period - Brad Marchand wins face-off versus Steven Stamkos in neutral zone.
19:47 of 2nd period - Icing by Klas Dahlbeck.
19:48 of 2nd period - Nicklas Backstrom wins face-off versus Aleksander Barkov in Predators zone.
Goals for this period are 0 for Predators vs 4 for Oilers.
Shots for this period are 9 for Predators vs 18 for Oilers.

3rd period


0:01 of 3rd period - Aleksander Barkov wins face-off versus Steven Stamkos in neutral zone.
0:05 of 3rd period - Shot by Michael Matheson.
0:05 of 3rd period - Deflect By Aleksander Barkov.
0:05 of 3rd period - Shot Misses the Net.
0:57 of 3rd period - Icing by Roman Josi.
0:58 of 3rd period - Vincent Trocheck wins face-off versus Ryan Getzlaf in Predators zone.
1:17 of 3rd period - Shot by Brad Marchand.
1:17 of 3rd period - Shot Misses the Net.
1:27 of 3rd period - Ryan Getzlaf is hit by Elias Lindholm and loses puck.
2:02 of 3rd period - Shot by Ryan Johansen.
2:02 of 3rd period - Shot Misses the Net.
2:10 of 3rd period - Shot by Reilly Smith.
2:10 of 3rd period - Stopped by Pekka Rinne without a rebound.
2:11 of 3rd period - Steven Stamkos wins face-off versus Dominic Moore in Predators zone.
3:20 of 3rd period - Shot by Michael Grabner.
3:20 of 3rd period - Shot Blocked by Connor Murphy.
3:22 of 3rd period - Shot by Michael Grabner.
3:22 of 3rd period - Stopped by Pekka Rinne without a rebound.
3:23 of 3rd period - Nicklas Backstrom wins face-off versus Ryan Johansen in Predators zone.
3:23 of 3rd period - Nicklas Backstrom is hit by Ryan Johansen.
4:23 of 3rd period - Shot by Michael Grabner.
4:23 of 3rd period - Shot Misses the Net.
4:28 of 3rd period - Icing by Roman Josi.
4:29 of 3rd period - Ryan Getzlaf wins face-off versus Nicklas Backstrom in Predators zone.
4:33 of 3rd period - Icing by Roman Josi.
4:34 of 3rd period - Nicklas Backstrom wins face-off versus Ryan Getzlaf in Predators zone.
4:39 of 3rd period - Francois Beauchemin is hit by Max Pacioretty and loses puck.
5:00 of 3rd period - Shot by Brad Marchand.
5:00 of 3rd period - Shot Misses the Net.
5:36 of 3rd period - Icing by Francois Beauchemin.
5:37 of 3rd period - Steven Stamkos wins face-off versus Ryan Getzlaf in Oilers zone.
5:46 of 3rd period - Shot by Steven Stamkos.
5:46 of 3rd period - Deflect By J.T. Miller.
5:46 of 3rd period - Stopped by Martin Jones without a rebound.
5:47 of 3rd period - Steven Stamkos wins face-off versus Aleksander Barkov in Oilers zone.
6:07 of 3rd period - Shot by Michael Grabner.
6:07 of 3rd period - Stopped by Pekka Rinne with a rebound.
6:32 of 3rd period - Icing by Nick Leddy.
6:33 of 3rd period - Steven Stamkos wins face-off versus Ryan Johansen in Predators zone.
6:33 of 3rd period - Steven Stamkos is hit by Ryan Johansen.
6:55 of 3rd period - Shot by Reilly Smith.
6:55 of 3rd period - Shot Blocked by Nick Leddy.
7:18 of 3rd period - Icing by Nick Leddy.
7:19 of 3rd period - Oskar Sundqvist wins face-off versus Steven Stamkos in Predators zone.
7:26 of 3rd period - Shot by Dominic Moore.
7:26 of 3rd period - Shot Misses the Net.
8:42 of 3rd period - Shot by Max Pacioretty.
8:42 of 3rd period - Shot Blocked by Brent Burns.
8:44 of 3rd period - Shot by Klas Dahlbeck.
8:44 of 3rd period - Shot Misses the Net.
8:58 of 3rd period - Shot by Max Pacioretty.
8:58 of 3rd period - Deflect By Kevin Hayes.
8:58 of 3rd period - Stopped by Martin Jones with a rebound.
9:54 of 3rd period - Shot by Aleksander Barkov.
9:54 of 3rd period - Shot Misses the Net.
9:56 of 3rd period - Shot by Ron Hainsey.
9:56 of 3rd period - Shot Misses the Net.
10:50 of 3rd period - Shot by Vincent Trocheck.
10:50 of 3rd period - Stopped by Martin Jones with a rebound.
10:57 of 3rd period - Icing by Nick Leddy.
10:58 of 3rd period - Vincent Trocheck wins face-off versus Ryan Johansen in Predators zone.
12:50 of 3rd period - Shot by Jannik Hansen.
12:50 of 3rd period - Shot Misses the Net.
12:52 of 3rd period - Shot by Michael Grabner.
12:52 of 3rd period - Shot Blocked by Chris Kelly.
12:54 of 3rd period - Shot by Aleksander Barkov.
12:54 of 3rd period - Stopped by Pekka Rinne without a rebound.
12:55 of 3rd period - Steven Stamkos wins face-off versus Ryan Johansen in Predators zone.
13:02 of 3rd period - Shot by J.T. Miller.
13:02 of 3rd period - Deflect By Steven Stamkos.
13:02 of 3rd period - Stopped by Martin Jones without a rebound.
13:03 of 3rd period - Ryan Johansen wins face-off versus Nicklas Backstrom in Oilers zone.
13:08 of 3rd period - Nikita Zadorov is hit by Ryan Johansen and loses puck.
13:21 of 3rd period - Shot by Reilly Smith.
13:21 of 3rd period - Shot Misses the Net.
13:23 of 3rd period - Shot by Brent Burns.
13:23 of 3rd period - Deflect By Ryan Johansen.
13:23 of 3rd period - Shot Blocked by Nikita Zadorov.
13:25 of 3rd period - Shot by Brock McGinn.
13:25 of 3rd period - Deflect By Reilly Smith.
13:25 of 3rd period - Shot Misses the Net.
13:27 of 3rd period - Shot by Francois Beauchemin.
13:27 of 3rd period - Stopped by Pekka Rinne without a rebound.
13:28 of 3rd period - Aleksander Barkov wins face-off versus Steven Stamkos in Predators zone.
13:39 of 3rd period - Shot by Steven Stamkos.
13:39 of 3rd period - Shot Misses the Net.
13:58 of 3rd period - Off-side.
13:59 of 3rd period - Ryan Getzlaf wins face-off versus Nicklas Backstrom in neutral zone.
14:02 of 3rd period - Shot by Brad Marchand.
14:02 of 3rd period - Shot Misses the Net.
14:32 of 3rd period - Shot by Nicklas Backstrom.
14:32 of 3rd period - Shot Misses the Net.
14:56 of 3rd period - Shot by Elias Lindholm.
14:56 of 3rd period - Stopped by Martin Jones without a rebound.
14:57 of 3rd period - Aleksander Barkov wins face-off versus Steven Stamkos in Oilers zone.
15:04 of 3rd period - Shot by Michael Grabner.
15:04 of 3rd period - Stopped by Pekka Rinne without a rebound.
15:05 of 3rd period - Steven Stamkos wins face-off versus Ryan Johansen in Predators zone.
16:15 of 3rd period - Shot by Aleksander Barkov.
16:15 of 3rd period - Deflect By Jannik Hansen.
16:15 of 3rd period - Stopped by Pekka Rinne without a rebound.
16:16 of 3rd period - Vincent Trocheck wins face-off versus Dominic Moore in Predators zone.
16:31 of 3rd period - Shot by Elias Lindholm.
16:31 of 3rd period - Shot Blocked by Michael Matheson.
16:36 of 3rd period - Brett Ritchie is hit by Elias Lindholm and loses puck.
16:40 of 3rd period - Off-side.
16:41 of 3rd period - Ryan Getzlaf wins face-off versus Nicklas Backstrom in neutral zone.
16:53 of 3rd period - Shot by Max Pacioretty.
16:53 of 3rd period - Stopped by Martin Jones without a rebound.
16:54 of 3rd period - Aleksander Barkov wins face-off versus Chris Kelly in Oilers zone.
16:59 of 3rd period - Shot by Vladislav Namestnikov.
16:59 of 3rd period - Stopped by Martin Jones without a rebound.
17:00 of 3rd period - Aleksander Barkov wins face-off versus Kevin Hayes in Oilers zone.
17:00 of 3rd period - Aleksander Barkov is hit by Max Pacioretty.
17:14 of 3rd period - Shot by Kevin Hayes.
17:14 of 3rd period - Stopped by Martin Jones without a rebound.
17:15 of 3rd period - Vincent Trocheck wins face-off versus Ryan Johansen in Oilers zone.
17:15 of 3rd period - Vladislav Namestnikov is hit by Marc Methot and loses puck.
17:23 of 3rd period - Off-side.
17:24 of 3rd period - Aleksander Barkov wins face-off versus Steven Stamkos in neutral zone.
17:39 of 3rd period - Shot by Michael Grabner.
17:39 of 3rd period - Shot Blocked by Roman Josi.
17:45 of 3rd period - Shot by Aleksander Barkov.
17:45 of 3rd period - Stopped by Pekka Rinne without a rebound.
17:46 of 3rd period - Ryan Johansen wins face-off versus Vladislav Namestnikov in Predators zone.
17:49 of 3rd period - Shot by Reilly Smith.
17:49 of 3rd period - Deflect By Ryan Johansen.
17:49 of 3rd period - Stopped by Pekka Rinne with a rebound.
18:05 of 3rd period - Vladislav Namestnikov is hit by Ryan Johansen and loses puck.
Goals for this period are 0 for Predators vs 0 for Oilers.
Shots for this period are 8 for Predators vs 9 for Oilers.